 Dungeon Crawl Stone Soup version 0.30-a0-691-g754fce4c43 (webtiles) character file.

Game seed: 18084491775455839903

44 fozzywoppz the Trooper (level 3, -3/29 HPs)
             Began as a Demonspawn Monk on Jan 20, 2023.
             Slain by a worm (4 damage)
             ... on level 2 of the Dungeon.
             The game lasted 00:02:20 (1037 turns).

fozzywoppz the Trooper (Demonspawn Monk)            Turns: 1037, Time: 00:02:20

Health: -3/29      AC:  4    Str: 10    XL:     3   Next: 39%
Magic:  3/3        EV: 13    Int: 15    God:
Gold:   25         SH:  0    Dex: 16    Spells: 2/2 levels left

rFire   . . .      SeeInvis .      - Unarmed
rCold   . . .      Faith    .    (no shield)
rNeg    . . .      Spirit   .    a - +0 robe
rPois   .          Reflect  .    (no helmet)
rElec   .          Harm     .    (no cloak)
rCorr   .          Rampage  .    (no gloves)
Will    .....                    (no boots)
Stlth   ++                       (no amulet)
HPRegen 0.24/turn                (no ring)
MPRegen 0.16/turn                (no ring)

@: no status effects
A: icy blue scales 1, magic regeneration, clever 1, high MP 1
a: no special abilities


You were on level 2 of the Dungeon.
You visited 1 branch of the dungeon, and saw 2 of its levels.

You collected 25 gold pieces.

Inventory:

Armour
 a - a +0 robe (worn)
 h - a +0 ring mail
Scrolls
 c - 2 scrolls of identify {unknown}
 e - a scroll of noise {unknown}
 f - a scroll of fog {unknown}
 g - a scroll of poison {unknown}
Potions
 b - a potion of ambrosia
 d - a potion of mutation


   Skills:
 + Level 3.4 Fighting
 - Level 3.0 Dodging
 - Level 2.0 Stealth
 + Level 3.4 Unarmed Combat


You had 2 spell levels left.
You didn't know any spells.
Your spell library was empty.

Dungeon Overview and Level Annotations

Branches:
Dungeon (2/15)

Altars:


Innate Abilities, Weirdness & Mutations

You are partially covered in icy blue scales. (AC +2)
You regenerate magic rapidly.
Your mind is acute. (Int +4, Str/Dex -1)
You have an increased reservoir of magic. (+10% MP)


Message History

Okay, then.
You barely miss the jackal.
The jackal is heavily wounded.
You feel sick.
The jackal bites you but does no damage.
You closely miss the jackal.
The jackal is heavily wounded.
You feel sick.
You are no longer poisoned.
The jackal bites you.
You hit the jackal.
You kill the jackal!
You hit the goblin.
You kill the goblin!
Found a mace.
Things that are here:
a +0 dagger; a goblin corpse You hit the worm.
The worm is lightly wounded.
The worm closely misses you.
You hit the worm.
The worm is moderately wounded.
You hit the worm but do no damage.
The worm is moderately wounded.
The worm bites you.
You barely miss the worm.
The worm is lightly wounded.
You hit the worm.
The worm is moderately wounded.
The worm bites you but does no damage.
You hit the worm.
The worm is heavily wounded.
You hit the worm.
The worm is severely wounded.
The worm bites you!
* * * LOW HITPOINT WARNING * * *
You hit the worm.
The worm is almost dead.
The worm bites you.
You die...

............## #.....
.#.............## #.....
...........###..###.....
....#.##...#.#...##.....
#..#....##.##.#.##.....
...#...#.#...#..#...#.
#...##.##......#...#.
#...#.#.....##.#...##
.###@##....###.#.....
#..w#.....## #....#..
#... ....## ##...#.#
#![) .#### ##....# ####
.# #>.### .# ##.# ## #.#
#.# #.###


You could see a worm.

Vanquished Creatures
  2 adders (D:2)
  3 endoplasms
  6 goblins
  3 hobgoblins
  A jackal (D:2)
  A quokka (D:1)
  A frilled lizard (D:1)
  4 kobolds
  A rat (D:1)
22 creatures vanquished.

Notes
Turn   | Place    | Note
-------+----------+-------------------------------------------
     0 | D:1      | fozzywoppz the Demonspawn Monk began the quest for the Orb.
     0 | D:1      | Reached XP level 1. HP: 18/18 MP: 1/1
    64 | D:1      | Gained mutation: Your mind is acute. (Int +4, Str/Dex -1)
                  | [potion of mutation]
    64 | D:1      | Gained mutation: You have an increased reservoir of magic.
                  | (+10% MP) [potion of mutation]
   250 | D:1      | Gained mutation: You are partially covered in icy blue
                  | scales. (AC +2) [demonic ancestry]
   250 | D:1      | Reached XP level 2. HP: 6/24 MP: 2/2
  1004 | D:2      | Gained mutation: You regenerate magic rapidly. [demonic
                  | ancestry]
  1004 | D:2      | Reached XP level 3. HP: 29/29 MP: 3/3
  1036 | D:2      | HP: 1/29 [worm (9)]
  1037 | D:2      | Slain by a worm

Illustrated notes

Levels and vault maps discovered:
D:1:      onia_arrival_pentagram, layout_loops_ring
D:2:      layout_basic, minmay_vboxes

Skill      XL: |  1  2 |
---------------+-------+-----
Unarmed Combat | 3 |  3.4
Dodging        | 3 |  3.0
Stealth        | 2 |  2.0
Fighting       | |  3.4

Action                   || total
-------------------------++-------
Melee: Unarmed           ||    95
  Use: Potion            ||     1
 Stab: Sleeping          ||     7
Armor: Robe              ||    20
Dodge: Dodged            ||    45

Table legend: (Time is in decaauts)
 A = Elapsed time spent in this place.
 B = Non-inter-level travel time spent in this place.
 C = Inter-level travel time spent in this place.
 D = Time resting spent in this place.
 E = Time spent auto-exploring this place.
 F = Levels seen in this place.
 G = Mean time per level.
                   A        B        C        D        E       F      G
               +--------+--------+--------+--------+--------+-----+--------+
         Total |   1033 |   1009 |     24 |    135 |    559 |   2 |  516.5 |
       Dungeon |   1033 |   1009 |     24 |    135 |    559 |   2 |  516.5 |
               +--------+--------+--------+--------+--------+-----+--------+

Top non-repeatable levels by time:
     D:1: 726 daAuts
     D:2: 306 daAuts
